 Dungeon Crawl Stone Soup version 0.24.0-1-gfbc8707122 (webtiles) character file.

Game seed: 3226303927145040661, levelgen mode: deterministic

75837 Inarius the Fencer (level 15, -16/121 HPs)
             Began as a Minotaur Fighter on Oct 28, 2019.
             Was the Champion of Hepliaklqana.
             Hit by a large rock thrown by a stone giant (34 damage)
             ... on level 13 of the Dungeon.
             The game lasted 00:35:10 (17837 turns).

Inarius the Fencer (Minotaur Fighter)              Turns: 17837, Time: 00:35:11

Health: -16/121    AC: 23    Str: 36    XL:     15   Next: 10%
Magic:  20/20      EV: 10    Int:  7    God:    Hepliaklqana [******]
Gold:   2225       SH: 14    Dex: 11    Spells: 14/14 levels left

rFire    + . .     SeeInvis .   a - +10 scimitar "Yxur Nijuxiy" {vamp, rPois rF+ Int+2}
rCold    + . .     Gourm    .   c - +0 shield
rNeg     . . .     Faith    .   B - +2 plate armour {rF+}
rPois    +         Spirit   .   X - +2 hat {MR+}
rElec    .         Reflect  .   Q - +0 cloak
rCorr    .         Harm     .   (no gloves)
MR       ++...                  m - +1 pair of boots
Stlth    ..........             T - amulet of regeneration
HPRegen  0.70/turn              y - ring "Luaph" {Ice Str+4}
MPRegen  0.17/turn              Z - +6 ring of strength

@: no status effects
A: retaliatory headbutt, reduced essence, horns 2
a: Recall Ancestor, Ancestor Identity, Transference, Idealise, Renounce Religion


You were on level 13 of the Dungeon.
You worshipped Hepliaklqana.
Hepliaklqana was exalted by your worship.
You were hungry.

You visited 3 branches of the dungeon, and saw 21 of its levels.
You also visited: Ossuary.

You collected 2525 gold pieces.
You spent 300 gold pieces at shops.

Inventory:

Hand Weapons
 a - the +10 scimitar "Yxur Nijuxiy" (weapon) {vamp, rPois rF+ Int+2}
   (You found it on level 4 of the Dungeon)

   It inflicts no extra harm, but heals its wielder when it wounds a living foe.
   It affects your intelligence (+2).
   It protects you from fire.
   It protects you from poison.
 b - a +3 scimitar of flaming
Armour
 c - a +0 shield (worn)
 m - a +1 pair of boots (worn)
 A - the +3 ring mail of Love and Death {Int+2 Dex+6, unknown}
   (You found it on level 9 of the Dungeon)

   It affects your intelligence (+2).
   It affects your dexterity (+6).
 B - a +2 plate armour of fire resistance (worn)
 M - a scarf of repulsion
 Q - a +0 cloak (worn)
 X - a +2 hat of magic resistance (worn)
Jewellery
 g - an uncursed ring of ice
 w - the ring of Trog's Esteem {Fire Stlth+}
   (You found it on level 3 of the Lair of Beasts)

   [ring of fire]

   It enhances your fire magic.
   It protects you from fire.
   It makes you vulnerable to cold.
   It makes you more stealthy.
 y - the ring "Luaph" (left hand) {Ice Str+4}
   (You found it on level 5 of the Lair of Beasts)

   [ring of ice]

   It enhances your ice magic.
   It affects your strength (+4).
   It makes you vulnerable to fire.
   It protects you from cold.
 K - the amulet "Jimaff" {Inacc rF+}
   (You found it on level 3 of the Lair of Beasts)

   [amulet of inaccuracy]

   It reduces the accuracy of all your attacks.
   It protects you from fire.
 T - an amulet of regeneration (around neck)
 Y - a +4 ring of evasion
 Z - a +6 ring of strength (right hand)
Wands
 C - a wand of acid (48)
 D - a wand of iceblast (24)
 E - a wand of polymorph (4)
 F - a wand of enslavement (9)
 R - a wand of digging (4)
 S - a wand of scattershot (5)
 W - a wand of disintegration (18)
Scrolls
 e - 10 scrolls of remove curse
 h - 5 scrolls of enchant weapon {unknown}
 j - 3 scrolls of random uselessness {unknown}
 k - 11 scrolls of teleportation
 l - 3 scrolls of magic mapping
 p - 2 scrolls of enchant armour {unknown}
 q - 6 scrolls of fear
 t - 2 scrolls of immolation
 u - a scroll of blinking
 V - a scroll of brand weapon {unknown}
Potions
 d - 3 potions of flight
 n - 6 potions of heal wounds
 o - a potion of ambrosia {unknown}
 s - 2 potions of might
 v - 11 potions of curing
 x - 5 potions of resistance {unknown}
 G - 2 potions of haste
 H - a potion of agility
 J - a potion of mutation {unknown}
 N - 2 potions of degeneration {unknown}
 O - 2 potions of lignification {unknown}
 U - a potion of berserk rage {unknown}
Miscellaneous
 r - 2 phantom mirrors
 L - a lightning rod (4/4)
 P - a lamp of fire (inert)
Comestibles
 f - 49 rations


   Skills:
 + Level 13.0 Fighting
 * Level 18.2 Long Blades
   Level 7.6 Axes
 + Level 11.9 Armour
 + Level 4.1 Dodging
 + Level 12.4 Shields
 * Level 9.1 Invocations
 + Level 5.6 Evocations


You had 14 spell levels left.
You didn't know any spells.
Your spell library contained the following spells:

 Spells                   Type           Power        Failure   Level  Hunger
 Animate Skeleton         Necr           N/A          97%         1    ##.....
 Apportation              Tloc           #.....       97%         1    ##.....
 Magic Dart               Conj           #...         97%         1    ##.....
 Pain                     Necr           #...         97%         1    ##.....
 Shock                    Conj/Air       #...         97%         1    ##.....
 Summon Butterflies       Summ           #.......     97%         1    ##.....
 Blink                    Tloc           N/A          99%         2    ###....
 Call Imp                 Summ           #.......     99%         2    ###....
 Slow                     Hex            #.......     99%         2    ###....
 Swiftness                Chrm/Air       #.......     99%         2    ###....
 Conjure Flame            Conj/Fire      #.......     100%        3    ####...
 Lesser Beckoning         Tloc           #.........   100%        3    ####...
 Mephitic Cloud           Conj/Pois/Air  #.......     100%        3    ####...
 Recall                   Summ/Tloc      N/A          100%        3    ####...
 Regeneration             Chrm/Necr      #.........   100%        3    ####...
 Static Discharge         Conj/Air       #.......     100%        3    ####...
 Tukima's Dance           Hex            #.......     100%        3    ####...
 Vampiric Draining        Necr           #.........   100%        3    ####...
 Airstrike                Air            #.........   100%        4    #####..
 Animate Dead             Necr           N/A          100%        4    #####..
 Alistair's Intoxication  Tmut/Pois      #.......     100%        5    ######.
 Aura of Abjuration       Summ           #.........   100%        5    ######.
 Lightning Bolt           Conj/Air       #.........   100%        5    ######.
 Summon Demon             Summ           #.........   100%        5    ######.
 Summon Forest            Summ/Tloc      #.........   100%        5    ######.
 Summon Mana Viper        Hex/Summ       #.......     100%        5    ######.
 Invisibility             Hex            #.......     100%        6    #######
 Shadow Creatures         Summ           N/A          100%        6    #######
 Ignition                 Fire           #.........   100%        8    #######
 Shatter                  Erth           #.........   100%        9    #######
 Tornado                  Air            #.........   100%        9    #######


Dungeon Overview and Level Annotations

Branches:
Dungeon (13/15)            Temple (0/1) D:5            Lair (6/6) D:11
 Shoals (0/4) Lair:2       Spider (0/4) Lair:2        Slime (0/5) Lair:5
    Orc (2/2) D:11            Elf (0/3) Orc:2       Ossuary (visited)
 Vaults: D:13-14

Altars:
Ashenzari
Cheibriados
Dithmenos
Gozag
Hepliaklqana
Kikubaaqudgha
Okawaru
Qazlal
Trog
Vehumet
The Shining One
Beogh
Jiyva

Shops:
D:11 *   Orc:1 }   Orc:2 **[=(

Annotations:
D:3 2 transporters, zkyp's ghost, weakling DsBe


Innate Abilities, Weirdness & Mutations

You reflexively headbutt those who attack you in melee.
You have a pair of horns on your head.
Your life essence is reduced to manifest your ancestor. (-10% HP)


Message History

The freezing wraith hits Appia!
The freezing wraith freezes Appia!
Appia resists.
The freezing wraith barely misses Appia.
Unknown command.
You swap places.
The freezing wraith barely misses you. You furiously retaliate!
You headbutt the freezing wraith.
You riposte.
You slash the freezing wraith!
Your headbutt misses the freezing wraith.
The freezing wraith is moderately damaged.
The freezing wraith hits you but does no damage.
The stone giant hits you!
* * * LOW HITPOINT WARNING * * *
You see here a howler monkey corpse.
You swap places.
The freezing wraith hits Appia.
The freezing wraith freezes Appia.
Appia resists.
The freezing wraith hits Appia!
Appia is destroyed!
The stone giant throws a large rock.
The large rock hits you!!
You die...

.................##
...............##
#..........###
#####...### ##.###
##.## #########..##
..$.........#
#.......@...#
########†#######
.......CW)......
........).......
......†.).......
..(.............
..$.............
.........(......
#...............


You could see a stone giant and a freezing wraith.

Vanquished Creatures
  Jorgrun (Orc:2)
  Gastronok (Lair:3)
  An orc warlord (Orc:2)
  The ghost of Kaofid the Geomancer, a journeyman GrEE of Vehumet (Lair:5)
  The ghost of Ixoagrun the Bludgeoner, a journeyman MiFi of Okawaru (Lair:3)
  A fire dragon (D:13)
  Harold (D:8)
  Fannar (Orc:1)
  5 hydras
  An ice dragon (Lair:3)
  2 catoblepae (Lair:6)
  Erica (D:8)
  6 death yaks
  An alligator (Lair:5)
  4 two-headed ogres
  5 orc high priests (Orc:2)
  Nergalle (Lair:3)
  2 unseen horrors
  A harpy (Lair:6)
  4 orc knights (Orc:2)
  4 cyclopes
  An orc sorcerer (Orc:1)
  2 ugly things
  2 manticores (Lair:6)
  An oklob plant (Lair:2)
  2 black mambas
  A merfolk siren (Lair:2)
  A centaur skeleton (D:12)
  8 spiny frogs
  4 rime drakes
  3 gargoyles
  8 komodo dragons
  A kobold demonologist (D:12)
  3 meliai (Lair:5)
  A queen bee (Lair:4)
  2 polar bears
  11 trolls
  A hornet (D:9)
  12 blink frogs
  A slime creature (D:13)
  4 hippogriffs
  Grinder (D:3)
  A centaur simulacrum (D:11)
  A wraith (D:10)
  21 yaks
  A water elemental (D:12)
  A human (D:8)
  4 wyverns
  A hungry ghost (D:8)
  A basilisk (Lair:4)
  A death yak simulacrum (Lair:3)
  4 wargs
  An acid dragon (D:9)
  A swamp worm (Lair:3)
  8 water moccasins
  2 soldier ants
  A hydra simulacrum (Lair:3)
  12 porcupines
  A swamp drake (Lair:2)
  37 orc warriors
  3 sky beasts
  A hornet zombie (D:9)
  8 ice beasts
  2 black bears
  3 phantoms
  A black mamba simulacrum (Lair:3)
  A necrophage (D:6)
  18 ogres
  15 wolves
  9 centaurs
  7 crocodiles
  2 big kobolds
  12 bullfrogs
  An elf zombie (Ossuary)
  2 gnoll sergeants (D:11)
  2 wyvern zombies
  A spiny frog simulacrum (Lair:3)
  4 scorpions
  20 killer bees
  A blink frog simulacrum (Lair:3)
  9 wights
  10 electric eels
  A vampire bat (Lair:6)
  3 howler monkeys
  6 crimson imps
  2 centaur zombies
  2 bullfrog zombies
  2 jellies
  A bullfrog skeleton (D:4)
  A wyvern simulacrum (D:11)
  13 hounds
  21 orc wizards
  A quasit (D:11)
  18 orc priests
  4 iguanas
  10 worker ants
  A killer bee zombie (D:10)
  4 big kobold zombies (Ossuary)
  3 hound skeletons
  2 mummies (Ossuary)
  A worker ant zombie (D:11)
  20 gnolls
  16 adders
  7 shadow imps
  A white imp (D:11)
  4 adder skeletons
  A worm (D:3)
  2 dart slugs
  8 leopard geckos
  94 orcs
  3 ball pythons
  15 bats
  8 giant cockroaches
  A gnoll zombie (Ossuary)
  8 goblins
  10 hobgoblins
  9 jackals
  8 kobolds
  3 quokkas
  4 frilled lizards
  2 goblin zombies (Ossuary)
  A hobgoblin zombie (Ossuary)
  An orc zombie (Ossuary)
  5 rats
  A plant (Lair:2)
674 creatures vanquished.

Vanquished Creatures (collateral kills)
  An orc warlord (D:11)
  A catoblepas (Lair:6)
  A death yak (Lair:6)
  An unseen horror (D:11)
  An ugly thing (D:13)
  A spiny frog (Lair:5)
  A rime drake (Lair:4)
  A komodo dragon (Lair:1)
  A yak (Lair:6)
  A warg (Orc:2)
  A water moccasin (Lair:6)
  5 orc warriors
  A sky beast (D:5)
  A wolf (Lair:5)
  2 ogres (Orc:1)
  A centaur (D:12)
  A bullfrog (Lair:3)
  A scorpion (D:8)
  A killer bee (Lair:5)
  2 electric eels
  A quasit (D:7)
  A hound (D:7)
  6 orc wizards
  A worker ant (D:5)
  A big kobold zombie (Ossuary)
  3 adders
  A crocodile simulacrum (Lair:3)
  A shadow imp (D:10)
  13 orcs
  2 goblin zombies (Ossuary)
  A fungus (Lair:5)
57 creatures vanquished.

Vanquished Creatures (others)
  An orc sorcerer (Orc:2)
  An orc warrior (Orc:2)
  9 hexers
  2 ancestors
  A white imp (D:11)
  3 fungi
  3 plants
20 creatures vanquished.

Grand Total: 751 creatures vanquished

Notes
Turn   | Place    | Note
-------+----------+-------------------------------------------
     0 | D:1      | Inarius the Minotaur Fighter began the quest for the Orb.
     0 | D:1      | Reached XP level 1. HP: 19/19 MP: 0/0
    64 | D:1      | Reached XP level 2. HP: 27/27 MP: 1/1
    91 | D:1      | Reached XP level 3. HP: 29/33 MP: 2/2
   754 | D:2      | Reached XP level 4. HP: 40/40 MP: 3/3
   898 | D:2      | Found a shadowy altar of Dithmenos.
  1623 | D:3      | Reached XP level 5. HP: 42/46 MP: 4/4
  1655 | D:3      | Reached skill level 5 in Axes
  1655 | D:3      | Reached skill level 1 in Dodging
  1859 | D:3      | Found a transporter.
  1888 | D:3      | Noticed zkyp's ghost (weakling DsBe)
  1939 | D:3      | Found a transporter.
  1993 | D:3      | Noticed Grinder
  2004 | D:3      | Killed Grinder
  2004 | D:3      | Reached XP level 6. HP: 16/53 MP: 5/5
  2529 | D:4      | Found a hazy altar of Hepliaklqana.
  2533 | D:4      | Found a snail-covered altar of Cheibriados.
  2542 | D:4      | Found a glowing golden altar of the Shining One.
  2556 | D:4      | Became a worshipper of Hepliaklqana the Forgotten
  2661 | D:4      | Found a sand-covered staircase.
  2771 | Ossuary  | Entered an ossuary
  2787 | Ossuary  | Reached XP level 7. HP: 49/54 MP: 6/6
  2804 | Ossuary  | Reached skill level 5 in Armour
  2804 | Ossuary  | Reached skill level 5 in Shields
  2964 | D:4      | Got a polished scimitar
  2979 | D:4      | Identified the +10 scimitar "Yxur Nijuxiy" {vamp, rPois rF+
                  | Int+2} (You found it on level 4 of the Dungeon)
  3009 | D:4      | Reached skill level 1 in Long Blades
  3087 | D:4      | Reached skill level 5 in Fighting
  3087 | D:4      | Reached skill level 2 in Long Blades
  3096 | D:4      | Reached skill level 3 in Long Blades
  3762 | D:5      | Entered Level 5 of the Dungeon
  3855 | D:5      | Reached XP level 8. HP: 61/61 MP: 7/7
  3868 | D:5      | Reached skill level 4 in Long Blades
  3885 | D:5      | Reached skill level 5 in Long Blades
  4150 | D:5      | Found a staircase to the Ecumenical Temple.
  4246 | D:5      | Reached * piety under Hepliaklqana
  4582 | D:6      | Reached skill level 6 in Long Blades
  4704 | D:6      | Reached skill level 7 in Long Blades
  5042 | D:6      | Found a radiant altar of Vehumet.
  5047 | D:6      | Found an ancient bone altar of Kikubaaqudgha.
  5050 | D:6      | Reached XP level 9. HP: 67/67 MP: 8/8
  5052 | D:6      | Found an iron altar of Okawaru.
  5111 | D:6      | Reached skill level 8 in Long Blades
  5542 | D:7      | Reached ** piety under Hepliaklqana
  5637 | D:7      | Reached skill level 9 in Long Blades
  5769 | D:7      | Found an opulent altar of Gozag.
  6042 | D:8      | Reached skill level 10 in Long Blades
  6244 | D:8      | Remembered your ancestor Appia as a hexer
  6428 | D:8      | Found a shattered altar of Ashenzari.
  6584 | D:8      | Found a stormy altar of Qazlal.
  6617 | D:8      | Noticed Erica
  6625 | D:8      | Killed Erica
  6625 | D:8      | Reached skill level 11 in Long Blades
  6625 | D:8      | Reached XP level 10. HP: 77/77 MP: 9/9
  6671 | D:8      | Noticed Harold
  6685 | D:8      | Killed Harold
  6685 | D:8      | Reached skill level 1 in Invocations
  6685 | D:8      | Reached skill level 1 in Evocations
  7044 | D:9      | Reached skill level 12 in Long Blades
  7046 | D:9      | Reached *** piety under Hepliaklqana
  7056 | D:9      | Noticed a gargoyle
  7064 | D:9      | Killed a gargoyle
  7212 | D:9      | Identified the +3 quarterstaff of the Ecumenical Temple
                  | {protect, MR+}
  7286 | D:9      | Noticed a red ugly thing
  7293 | D:9      | Killed a red ugly thing
  7311 | D:9      | Killed an unseen horror
  7512 | D:9      | Got a crude ring mail
  7520 | D:9      | Noticed a two-headed ogre
  7524 | D:9      | Killed a two-headed ogre
  7524 | D:9      | Reached XP level 11. HP: 85/85 MP: 12/12
  7575 | D:9      | Reached skill level 13 in Long Blades
  7709 | D:9      | Noticed a two-headed ogre
  7716 | D:9      | Killed a two-headed ogre
  8086 | D:10     | Entered Level 10 of the Dungeon
  8194 | D:10     | Noticed a two-headed ogre
  8200 | D:10     | Killed a two-headed ogre
  8269 | D:10     | Noticed Maurice
  8288 | D:10     | Noticed Maurice
  8290 | D:10     | Killed Maurice the hound
  8429 | D:10     | Reached **** piety under Hepliaklqana
  8638 | D:11     | Found Qibat's Assorted Antiques.
  8638 | D:11     | Noticed a two-headed ogre
  8644 | D:11     | Killed a two-headed ogre
  8644 | D:11     | Reached skill level 14 in Long Blades
  8656 | D:11     | Bought a lumpy beryl amulet for 155 gold pieces
  8656 | D:11     | Bought a fizzy emerald potion for 27 gold pieces
  8656 | D:11     | Bought a scroll labeled HUNWIV MOPHEMO for 31 gold pieces
  8656 | D:11     | Bought a scroll labeled EKEADD NAHAOFU for 31 gold pieces
  8723 | D:11     | Killed an unseen horror
  8971 | D:11     | Found a staircase to the Orcish Mines.
  9020 | D:11     | Reached XP level 12. HP: 87/94 MP: 14/14
  9107 | D:11     | Found a shadowy altar of Dithmenos.
  9319 | D:11     | Found a staircase to the Lair.
  9345 | D:11     | Reached skill level 10 in Fighting
  9717 | D:12     | Got a vibrating copper ring
  9719 | D:12     | Identified the ring of Amizxi {*Slow rPois rC+ MP+9} (You
                  | found it on level 12 of the Dungeon)
  9965 | D:12     | Noticed an eight-headed hydra
  9967 | D:12     | Reached skill level 5 in Invocations
  9971 | D:12     | Reached skill level 15 in Long Blades
  9980 | D:12     | Killed a 14-headed hydra
 10310 | D:12     | Reached skill level 5 in Evocations
 10618 | Lair:1   | Entered Level 1 of the Lair of Beasts
 11075 | Lair:1   | Noticed a seven-headed hydra
 11079 | Lair:1   | Reached ***** piety under Hepliaklqana
 11084 | Lair:1   | Killed a six-headed hydra
 11084 | Lair:1   | Reached skill level 10 in Armour
 11668 | Lair:2   | Found a hole to the Spider Nest.
 11721 | Lair:2   | Reached XP level 13. HP: 102/102 MP: 16/16
 12027 | Lair:2   | Found the cursed +13 scythe of Curses {drain, *Curse}
 12105 | Lair:2   | Found a staircase to the Shoals.
 12311 | Lair:3   | Noticed Gastronok
 12324 | Lair:3   | Killed Gastronok
 12471 | Lair:3   | Found a runed translucent gate.
 12471 | Lair:3   | Found a runed translucent gate.
 12471 | Lair:3   | Found a runed translucent gate.
 12526 | Lair:3   | Noticed Urug
 12528 | Lair:3   | Noticed Urug
 12528 | Lair:3   | Urug changed into Urug the swamp worm
 12536 | Lair:3   | Killed Urug the swamp worm
 12538 | Lair:3   | Reached skill level 10 in Shields
 12787 | Lair:3   | Noticed Nergalle
 12799 | Lair:3   | Killed Nergalle
 12983 | Lair:3   | Noticed Ixoagrun's ghost (journeyman MiFi)
 13134 | Lair:3   | Killed Ixoagrun's ghost
 13134 | Lair:3   | Reached skill level 16 in Long Blades
 13179 | Lair:3   | Got a coiled emerald amulet
 13189 | Lair:3   | Got the ring of Trog's Esteem {Fire}
 13281 | Lair:4   | Identified the amulet "Jimaff" {Inacc rF+} (You found it on
                  | level 3 of the Lair of Beasts)
 14137 | Lair:5   | Identified a scroll of acquirement
 14140 | Lair:5   | Got a scorched golden ring
 14142 | Lair:5   | Identified the ring "Xoful" {+Fly Dex+5 Stlth-} (You
                  | acquired it on level 5 of the Lair of Beasts)
 14160 | Lair:5   | Found a viscous altar of Jiyva.
 14612 | Lair:5   | Got a fine steel ring
 14622 | Lair:5   | Found a runed translucent gate.
 14622 | Lair:5   | Found a runed translucent gate.
 14622 | Lair:5   | Found a runed translucent gate.
 14631 | Lair:5   | Noticed Kaofid's ghost (journeyman GrEE)
 14663 | Lair:5   | Found a staircase to the Slime Pits.
 15058 | Lair:6   | Entered Level 6 of the Lair of Beasts
 15098 | Lair:6   | Reached ****** piety under Hepliaklqana
 15231 | Lair:6   | Reached XP level 14. HP: 82/112 MP: 18/18
 15255 | Lair:6   | Noticed Sonja
 15256 | Lair:6   | Noticed Sonja
 15256 | Lair:6   | Sonja changed into Sonja the harpy
 15263 | Lair:6   | Killed Sonja the harpy
 15556 | Lair:6   | Reached skill level 17 in Long Blades
 16155 | Lair:5   | Killed Kaofid's ghost
 16194 | Lair:5   | Identified the ring "Luaph" {Ice Str+4} (You found it on
                  | level 5 of the Lair of Beasts)
 16343 | Orc:1    | Entered Level 1 of the Orcish Mines
 16440 | Orc:1    | Noticed an orc warlord
 16548 | D:11     | Killed an orc warlord
 16632 | Orc:1    | Found a roughly hewn altar of Beogh.
 16639 | Orc:1    | Found Pugyli's Gadget Shop.
 16675 | Orc:1    | Noticed Fannar
 16690 | Orc:1    | Killed Fannar
 16928 | Orc:2    | Entered Level 2 of the Orcish Mines
 17037 | Orc:2    | Found Baivodek's General Store.
 17071 | Orc:2    | Bought a scroll of identify for 28 gold pieces
 17071 | Orc:2    | Bought a scroll of identify for 28 gold pieces
 17089 | Orc:2    | Noticed Jorgrun
 17146 | Orc:2    | Killed Jorgrun
 17149 | Orc:2    | Noticed an orc warlord
 17160 | Orc:2    | Found Qoanitt's General Store.
 17164 | Orc:2    | Found a staircase to the Elven Halls.
 17174 | Orc:2    | Killed an orc warlord
 17174 | Orc:2    | Reached skill level 18 in Long Blades
 17224 | Orc:2    | Found Haadgh's Antique Armour Boutique.
 17328 | Orc:2    | Found a bloodstained altar of Trog.
 17353 | Orc:2    | Found Xuampuag's Jewellery Emporium.
 17356 | Orc:2    | Reached XP level 15. HP: 120/120 MP: 20/20
 17451 | Orc:2    | Found Noakaikh's Antique Weapon Emporium.
 17707 | D:13     | Found a glowing golden altar of the Shining One.
 17837 | D:13     | Hit by a large rock thrown by a stone giant

Levels and vault maps discovered:
D:1:      sevenhm_arrival_forest_fort_small_1, layout_rooms
D:2:      layout_loops_ring, lemuel_coloured_pillars_altar, first_ration
D:3:      layout_loops_ring, gammafunk_ghost_stat_death, uniq_grinder
D:4:      minmay_opposing_rooms, layout_loops_ring,
          minmay_overflow_temple_star_quad, nicolae_ossuary_entry_ruins
D:5:      layout_basic, temple_green
D:6:      layout_loops_ring, minitemple
D:7:      layout_cave_pools, nicolae_gozag_seed_capital
D:8:      layout_basic, overflow_temple_1_default, lemuel_doored_altar,
          grunt_pizzeria, uniq_harold, uniq_erica
D:9:      minmay_the_grid_4x2 [minmay_the_grid_garden,
          minmay_the_grid_minigrid_large, minmay_the_grid_outer_circle,
          minmay_the_grid_dragon_b, minmay_the_grid_spin_star,
          minmay_the_grid_zigzags, minmay_the_grid_diamond_grid,
          minmay_the_grid_prize_four_corners_diamond_b], layout_small_grid
D:10:     layout_cross, lightli_orcish_oven, uniq_maurice
D:11:     layout_loops_ring, erik_lair_island,
          kennysheep_orc_monster_closet_entryway, serial_shops, shop,
          serial_ice, serial_ice_b, serial_ice_j, serial_ice_h, serial_ice_m,
          serial_ice_e, serial_ice_n, nicolae_dithmenos_through_a_glass_darkly
D:12:     layout_basic
D:13:     hourglass_vault, layout_cave_pods, ximxim_vaults_locker_room,
          tso_metal_star
Lair:1:   layout_cave_pods, beast_lair_carwin_3, lemuel_fruit_tree
Lair:2:   layout_long_grid, minmay_shoals_entry_lonely_mermaid,
          dummy_spider_entry, minmay_lair_oklob_items, serial_bayou_lagoon_b
Lair:3:   layout_chaotic_city, gammafunk_ghost_icy, uniq_gastronok,
          uniq_nergalle, uniq_urug
Lair:4:   layout_cave_pods
Lair:5:   layout_roguey [special_room_bee], slime_altar_1, gammafunk_ghost_split
Lair:6:   evilmike_catoblepas_cave, layout_cave_shapes, serial_bayou_pond_c,
          roderic_batcave, infiniplex_staircase_pool_2, uniq_sonja
Orc:1:    layout_caves, basic_altar, serial_shops, shop, uniq_fannar
Orc:2:    grunt_orc_gardens, layout_diamond_mine, grunt_orc_garden,
          grunt_orc_garden, grunt_orc_garden, grunt_orc_garden, serial_shops,
          shop_statue, bloody_trog, uniq_jorgrun

Skill      XL: |  1  2  3  4  5  6  7  8  9 10 11 12 13 14 15 |
---------------+----------------------------------------------+-----
Armour         | 4 5 6 7 8 10 11 | 11.9
Shields        | 4 5 6 7 8 9 11 12 | 12.4
Fighting       | 4 5 7 8 9 10 11 12 13 | 13.0
Axes           | 3 4 6 7 |  7.6
Dodging        | 1 2 3 4 |  4.1
Long Blades    | 3 7 11 12 14 15 16 18 | 18.2
Invocations    | 2 4 6 7 8 9 |  9.1
Evocations     | 2 3 5 |  5.6

Action                   |  1- 3 |  4- 6 |  7- 9 | 10-12 | 13-15 || total
-------------------------+-------+-------+-------+-------+-------++-------
Melee: War axe           |    69 |   119 |    21 |       |       ||   209
       Headbutt          |    11 |    21 |    48 |   134 |   230 ||   444
       Scimitar          |       |       |   230 |   516 |   779 ||  1525
       Unarmed           |       |       |       |     1 |       ||     1
Invok: Recall Ancestor   |       |       |     1 |       |     1 ||     2
       Ancestor Life: He |       |       |     1 |       |       ||     1
Evoke: Wand              |       |       |       |    20 |    12 ||    32
       Lamp of fire      |       |       |       |       |     1 ||     1
  Use: Potion            |       |     2 |       |     1 |     2 ||     5
       Scroll            |       |       |     7 |     3 |     9 ||    19
 Stab: Distracted        |       |       |       |     3 |     8 ||    11
       Confused          |       |       |       |     2 |     2 ||     4
  Eat: Chunk             |       |     6 |    13 |    16 |    21 ||    56
Armor: Scale mail        |    35 |    44 |    18 |       |       ||    97
       Plate armour      |       |       |    75 |   229 |   257 ||   561
       Skin              |       |       |       |     1 |       ||     1
Dodge: Dodged            |    26 |    58 |    64 |   167 |   240 ||   555
Block: Shield            |    43 |    65 |   110 |   290 |   422 ||   930
       Rpst.: Scimitar   |       |       |    23 |    30 |    48 ||   101
